 Dungeon Crawl Stone Soup version 0.27-a0-522-g46bbb28828 (console) character file.

Game seed: 9450193165618664141

10 Terrapin the Caller (level 2, 0/11 HPs)
             Began as a Felid Summoner on Mar 4, 2021.
             Succumbed to a kobold's poison
             ... on level 1 of the Dungeon.
             The game lasted 00:02:24 (271 turns).

Terrapin the Caller (Felid Summoner)                 Turns: 271, Time: 00:02:25

Health: 0/11       AC:  1    Str:  4    XL:     2   Next: 10%
Magic:  6/6        EV: 18    Int: 16    God:
Gold:   9          SH:  0    Dex: 16    Spells: 4/5 levels left
                                        Lives:  0   Deaths: 0

rFire    . . .     SeeInvis +   (weapon unavailable)
rCold    . . .     Faith    .   (shield unavailable)
rNeg     . . .     Spirit   .   (armour unavailable)
rPois    .         Reflect  .   (helmet unavailable)
rElec    .         Harm     .   (cloak unavailable)
rCorr    .         Rampage  .   (gloves unavailable)
Will     .....                  (boots unavailable)
Stlth    +++.......             (no amulet)
HPRegen  0.03/turn              (no ring)
MPRegen  0.10/turn              (no ring)

@: lethally poisoned (0 -> -5), quick
A: very small, claws 1, fangs 3, see invisible, speed 1, shaggy fur 1, stealthy
paws, no weapons or thrown items, no armour, multi-lived
a: no special abilities


You were on level 1 of the Dungeon.
You visited 1 branch of the dungeon, and saw 1 of its levels.

You collected 9 gold pieces.

You aren't carrying anything.


   Skills:
 + Level 3.0 Dodging
 + Level 3.1 Stealth
 - Level 2.0 Spellcasting
 * Level 4.2 Summonings


You had 4 spell levels left.
You knew the following spells:

 Your Spells              Type           Power        Failure   Level
a - Summon Small Mammal   Summ           60%          3%          1

Your spell library contained the following spells:

 Spells                   Type           Power        Failure   Level
 Call Imp                 Summ           15%          5%          2
 Call Canine Familiar     Summ           15%          11%         3
 Summon Guardian Golem    Hex/Summ       8%           26%         3
 Summon Ice Beast         Ice/Summ       8%           65%         4
 Summon Lightning Spire   Summ/Air       8%           65%         4


Dungeon Overview and Level Annotations

Branches:
Dungeon (1/15)

Altars:


Innate Abilities, Weirdness & Mutations

You have sharp claws.
You have razor-sharp teeth.
You have supernaturally acute eyesight. (SInv)
You cover ground quickly. (Speed+)
You are covered in fur. (AC +1)
Your stealthy paws help you sneak and pounce on unaware monsters.
You are incapable of wielding weapons or throwing items.
You cannot wear armour.
You gain extra lives every three experience levels.


Message History

The kobold throws a stone.
The stone misses you.
Casting: Summon Small Mammal (safe; 3% risk of failure)
Confirm with . or Enter, or press ? or * to list all spells.
You see here a bat corpse.
You barely miss the kobold. You bite the kobold, but do no damage.
The kobold hits you with a +0 short sword of venom.
You are lethally poisoned!
You feel sick.
Your rat bites the kobold.
The kobold hits your rat but does no damage.
Unknown command.
You aren't carrying any potions.
You aren't carrying any potions.
You feel sick.
Your rat closely misses the kobold.
The kobold hits your rat with a +0 short sword of venom.
Your rat is poisoned.
You scratch the kobold.
You kill the kobold!
Your rat dies!
Your rat's corpse disappears in a puff of smoke!
Unknown command.
* * * LOW HITPOINT WARNING * * *
You feel sick.
Things that are here:
a +0 short sword of venom; 2 stones; a kobold corpse You aren't carrying any potions.
Okay, then.
* * * LOW HITPOINT WARNING * * *
You feel sick.
Found 14 gold pieces.
A kobold comes into view. It is wielding a +0 club.
* * * LOW HITPOINT WARNING * * *
You feel sick.
The kobold shouts!
You hear an angry hiss.
A giant cockroach comes into view.
Unknown command.
Found 14 gold pieces.
As you read the scroll labelled ECEB TEHAYM, it crumbles to dust.
It is a scroll of identify.
You don't have any unidentified items.
A hobgoblin comes into view. It is wielding a +0 club.
You die...

####........!# #...
.............+ ###.
########.....# #######.
#.....# #......[ #.....#
#....... #.....#.#..)....
##.†..#.#.......
#####....#.#######'
#######.@......#.# #.
.$.............#.#######'
.....K.........#.#.......
...............#.#.......
..............)#'#..)....
g..............†.........
...B....................#
........................#
........................#


You could see a giant cockroach and a kobold.

Vanquished Creatures
  3 bats (D:1)
  A goblin (D:1)
  2 hobgoblins (D:1)
  A frilled lizard (D:1)
  A kobold (D:1)
8 creatures vanquished.

Vanquished Creatures (collateral kills)
  A hobgoblin (D:1)
1 creature vanquished.

Grand Total: 9 creatures vanquished

Notes
Turn   | Place    | Note
-------+----------+-------------------------------------------
     0 | D:1      | Terrapin the Felid Summoner began the quest for the Orb.
     0 | D:1      | Reached XP level 1. HP: 7/7 MP: 4/4
   245 | D:1      | Reached XP level 2. HP: 9/11 MP: 6/6
   271 | D:1      | Succumbed to a kobold's poison

Illustrated notes

Levels and vault maps discovered:
D:1:      tarquinn_simple_flora_water_f, layout_basic

Skill      XL: |  1 |
---------------+----+-----
Stealth        | 3 |  3.1
Dodging        | 3 |  3.0
Spellcasting   | |  2.0
Summonings     | |  4.2

Action                   || total
-------------------------++-------
Melee: Unarmed           ||    32
       Bite              ||     5
 Cast: Summon Small Mamm ||     4
  Use: Scroll            ||     1
 Stab: Sleeping          ||     3
Armor: Skin              ||     2
Dodge: Dodged            ||    20

Table legend: (Time is in decaauts)
 A = Elapsed time spent in this place.
 B = Non-inter-level travel time spent in this place.
 C = Inter-level travel time spent in this place.
 D = Time resting spent in this place.
 E = Time spent auto-exploring this place.
 F = Levels seen in this place.
 G = Mean time per level.
                   A        B        C        D        E       F      G
               +--------+--------+--------+--------+--------+-----+--------+
         Total |    227 |    227 |      0 |      0 |     51 |   1 |  227.0 |
       Dungeon |    227 |    227 |      0 |      0 |     51 |   1 |  227.0 |
               +--------+--------+--------+--------+--------+-----+--------+

Top non-repeatable levels by time:
     D:1: 227 daAuts
